 Dungeon Crawl Stone Soup version 0.26.1-2-gb8aa6d0cf2 (webtiles) character file.

Game seed: 11448148904442476387

248 Gadfly the Insei (level 5, -6/41 HPs)
             Began as a Demonspawn Monk on Feb 9, 2021.
             Mangled by a gnoll
             ... wielding a +0 spear
              (7 damage)
             ... on level 3 of the Dungeon.
             The game lasted 00:03:46 (3458 turns).

Gadfly the Insei (Demonspawn Monk)                  Turns: 3458, Time: 00:03:47

Health: -6/41      AC:  3    Str: 13    XL:     5   Next: 86%
Magic:  6/6        EV: 13    Int: 17    God:
Gold:   87         SH:  0    Dex: 15    Spells: 4/4 levels left

rFire    . . .     SeeInvis .     - Unarmed
rCold    . . .     Faith    .   (no shield)
rNeg     . . .     Spirit   .   b - +1 robe
rPois    .         Reflect  .   (helmet restricted)
rElec    .         Harm     .   (no cloak)
rCorr    .         Rampage  .   (no gloves)
Will     .....                  (no boots)
Stlth    ++........             (no amulet)
HPRegen  0.13/turn              h - +6 ring of intelligence
MPRegen  0.10/turn              (no ring)

@: no status effects
A: claws 2, hooves 1, horns 1
a: no special abilities


You were on level 3 of the Dungeon.
You visited 1 branch of the dungeon, and saw 3 of its levels.

You collected 87 gold pieces.

Inventory:

Armour
 b - a +1 robe (worn)
Jewellery
 e - an uncursed amulet of the acrobat {unknown}
 h - a +6 ring of intelligence (left claw)
Scrolls
 c - 2 scrolls of blinking
 k - a scroll of enchant armour
 l - 2 scrolls of remove curse
Potions
 a - a potion of flight {unknown}
 d - 2 potions of attraction
 f - a potion of haste
 g - a potion of curing {unknown}
 i - a potion of lignification {unknown}


   Skills:
 + Level 3.0 Fighting
 - Level 2.7 Axes
 - Level 0.7 Armour
 + Level 3.1 Dodging
 - Level 1.7 Stealth
 * Level 3.4 Unarmed Combat
 - Level 1.7 Invocations
 + Level 2.9 Evocations


You had 4 spell levels left.
You didn't know any spells.
Your spell library was empty.

Dungeon Overview and Level Annotations

Branches:
Dungeon (3/15)

Altars:
Ashenzari
Wu Jian
Zin


Innate Abilities, Weirdness & Mutations

You have very sharp fingernails.
You have large cloven feet.
You have a pair of small horns on your head.


Message History

You kill the goblin!
The gnoll misses you. The gnoll hits you with a +0 spear. The gnoll misses you.
You see here a +0 whip.
You claw the gnoll! Your kick misses the gnoll. You headbutt the gnoll.
The gnoll is almost dead.
The gnoll hits you with a +0 spear! The gnoll misses you.
Unknown command.
The gnoll hits you from afar with a +0 spear.
Things that are here:
a +0 club; a goblin corpse You see here a rapier.
There is a stone staircase leading up here.
The gnoll hits you with a +0 spear.
* * * LOW HITPOINT WARNING * * *
The gnoll hits you from afar with a +0 halberd!
* * * LOW HITPOINT WARNING * * *
You see here a rapier.
The gnoll hits you from afar with a +0 spear!
You die...

#.# #.# #.#
#.# #.# #)#
#g# #g######
#.)@...#
.......####.#
.....#.#
###.##.# ...
#.# ### #..
###


You could see a gnoll.

Vanquished Creatures
  A bullfrog (D:2)
  Natasha (thrice) (D:2)
  2 gnolls
  3 adders (D:2)
  2 worms (D:2)
  4 dart slugs (D:1)
  3 leopard geckos
  2 giant cockroaches (D:2)
  7 goblins
  10 hobgoblins
  2 jackals (D:1)
  5 kobolds
  A quokka (D:2)
  2 bats
  3 rats
50 creatures vanquished.

Notes
Turn   | Place    | Note
-------+----------+-------------------------------------------
     0 | D:1      | Gadfly the Demonspawn Monk began the quest for the Orb.
     0 | D:1      | Reached XP level 1. HP: 18/18 MP: 1/1
   145 | D:1      | Reached skill level 1 in Invocations
   147 | D:1      | Gained mutation: You have sharp fingernails. [demonic
                  | ancestry]
   147 | D:1      | Reached XP level 2. HP: 23/24 MP: 2/2
   380 | D:1      | Reached skill level 1 in Evocations
   884 | D:1      | Gained mutation: You have large cloven feet. [demonic
                  | ancestry]
   884 | D:1      | Reached XP level 3. HP: 29/29 MP: 4/4
  1267 | D:2      | Reached skill level 1 in Unarmed Combat
  2093 | D:2      | Gained mutation: You have a pair of small horns on your
                  | head. [demonic ancestry]
  2093 | D:2      | Reached XP level 4. HP: 7/35 MP: 5/5
  2451 | D:2      | Found a broken altar of Ashenzari.
  2915 | D:2      | Noticed a bullfrog
  2917 | D:2      | Noticed Natasha
  2925 | D:2      | Killed a bullfrog
  2926 | D:2      | Gained mutation: You have very sharp fingernails. [demonic
                  | ancestry]
  2926 | D:2      | Reached XP level 5. HP: 8/41 MP: 6/6
  2936 | D:2      | Killed Natasha
  3123 | D:2      | Noticed Natasha
  3132 | D:2      | Killed Natasha
  3148 | D:2      | Noticed Natasha
  3157 | D:2      | Killed Natasha
  3276 | D:2      | Found a glowing silver altar of Zin.
  3288 | D:2      | Found an ornate altar of the Wu Jian Council.
  3457 | D:3      | HP: 1/41 [gnoll/+0 halberd (8)]
  3458 | D:3      | Mangled by a gnoll

Illustrated notes

Levels and vault maps discovered:
D:1:      dpeg_arrival_signposts, layout_loops_ring, minmay_pentomino_v2
D:2:      layout_loops_ring, nicolae_overflow_hidden_temple,
          nicolae_ashenzari_panopticon, lemuel_crystal_altar, st_stairs_10,
          minmay_fractal_squares_gapless_5, uniq_natasha
D:3:      layout_loops_cross, nicolae_qazlal_general_emergency,
          trog_three_pillars_becter, uniq_robin, uniq_terence

Skill      XL: |  1  2  3  4  5 |
---------------+----------------+-----
Invocations    | 1 |  1.7
Evocations     | 1 2 |  2.9
Unarmed Combat | 1 2 3 |  3.4
Dodging        | 3 |  3.1
Fighting       | |  3.0
Axes           | |  2.7
Armour         | |  0.7
Stealth        | |  1.7

Action                   |  1- 3 |  4- 6 || total
-------------------------+-------+-------++-------
Melee: Hand axe          |   111 |       ||   111
       Kick              |    17 |    15 ||    32
       Unarmed           |       |    53 ||    53
       Headbutt          |       |     9 ||     9
       Punch             |       |     1 ||     1
  Use: Scroll            |     2 |     4 ||     6
       Potion            |       |     3 ||     3
 Stab: Sleeping          |     4 |       ||     4
Armor: Robe              |    17 |    11 ||    28
Dodge: Dodged            |    70 |    32 ||   102
